AoeStats
← Vooodowar

Northern Isles

513288564Analyzed
1v1 RM · 5d ago on Oct 12, 2026· 71m 4s· 2 players
Game mode
Random Map
Map size
Tiny (2 player)
Population
200
Speed
Normal
Resources
Standard
Victory
Conquest
Starting age
Dark Age
Ending age
Imperial Age
RankedLock teamsTeams togetherTeam positionsShared explorationLock speedFull tech treeHidden civsTurbo modeCheats
Victory
Defeat
🇲🇽 Dravidians · Mexico
636
+17
vs
🇨🇴 Burgundians · Colombia
660
-17
Vooodowar
5:09 Loom
10:03 Feudal Age
10:40 Double-Bit Axe
11:44 Horse Collar
13:44 Fletching
17:38 Fishing Lines
18:53 Wheelbarrow
18:04 Town Watch
24:42 Castle Age
24:18 Stone Mining
24:18 Gold Mining
24:55 Scale Mail Armor
25:02 Scale Barding Armor
24:48 Pikeman
25:31 Squires
26:23 Medium Warships
26:07 Gillnets
27:25 Bodkin Arrow
27:32 Padded Archer Armor
29:13 Wheelbarrow
28:24 Town Watch
32:18 Heavy Plow
33:27 Forging
35:32 Murder Holes
35:59 Ballistics
37:09 Thumb Ring
37:23 Chain Mail Armor
38:39 Heated Shot
38:58 Siphons
39:07 Careening
39:09 Clinker Construction
44:21 Imperial Age
41:51 Demolition Ship
42:47 Town Patrol
43:06 Hand Cart
44:13 Medical Corps
44:33 Leather Archer Armor
45:40 Conscription
46:50 Chemistry
46:19 Dry Dock
49:07 Heavy Warships
49:20 Elite Cannon Galleon
52:17 Carvel Hull
52:21 Shipwright
52:41 Wootz Steel
52:42 Town Patrol
58:50 Elite Urumi Swordsman
60:16 Elite Elephant Archer
65:59 Bow Saw
67:34 Bracer
67:56 Chain Barding Armor
68:06 Ring Archer Armor
68:13 Iron Casting
Dragonhell0106
4:40 Double-Bit Axe
7:54 Loom
10:59 Gold Mining
13:20 Feudal Age
13:49 Wheelbarrow
13:02 Fishing Lines
15:55 Gold Shaft Mining
15:34 Bow Saw
21:44 Castle Age
21:19 Man-at-Arms
23:22 Medium Warships
24:51 Scale Barding Armor
24:58 Forging
27:18 Crossbowman
29:03 Fletching
29:51 Iron Casting
40:00 Imperial Age
38:18 Bodkin Arrow
38:25 Padded Archer Armor
41:43 Chemistry
41:47 Heavy Warships
42:00 Elite Cannon Galleon
53:47 Careening
53:45 Siphons
54:33 Clinker Construction
55:57 Incendiaries
Connection lost

Rejoining the realm…

Still unreachable

The connection could not be restored.

Session expired

The server has moved on; the page needs a fresh start.